 Dungeon Sprint DCSS version 0.31-a0-536-ga3e2962e35 (webtiles) character file.

Game seed: 1667283446181726867

118 Conn the Firebug (level 5, -5/31 HPs)
             Began as an Octopode Fire Elementalist on Aug 13, 2023.
             Slain by a vampire mosquito (9 damage)
             ... in the Dungeon (Sprint VII: "The Pits").
             The game lasted 00:01:11 (63 turns).

Conn the Firebug (Octopode Fire Elementalist)         Turns: 63, Time: 00:01:12

Health: -5/31      AC:  1    Str:  7    XL:     5   Next: 2%
Magic:  2/11       EV: 14    Int: 19    God:
Gold:   0          SH:  0    Dex: 13    Spells: 11/12 levels left

rFire   . . .        (no weapon)
rCold   . . .        (no shield)
rNeg    . . .        (helmet restricted)
rPois   .            (no amulet)
rElec   .            (no ring)
rCorr   .            (no ring)
SInv    .            (no ring)
Will    .....        (no ring)
Stlth   ++++         (no ring)
HPRegen 0.25/turn    (no ring)
MPRegen 0.12/turn    (no ring)
                     (no ring)

%: no teleportation
@: on berserk cooldown, hasted and slowed
A: almost no armour, amphibious, 8 rings, camouflage 1, gelatinous body 1,
(nimble swimmer 1), tentacles
a: no special abilities


You were in the Dungeon.
You visited 1 branch

Inventory:

Scrolls
 f - a scroll of blinking
Potions
 a - 3 potions of magic
 b - a potion of curing
 c - a potion of heal wounds


   Skills:
 + Level 3.8 Dodging
 + Level 4.8 Stealth
 * Level 4.3 Spellcasting
 * Level 1.9 Conjurations
 + Level 7.5 Fire Magic


You had 11 spell levels left.
You knew the following spells:

 Your Spells              Type           Power      Damage    Failure   Level
a - Foxfire               Conj/Fire      88%        2x1d8     1%          1

Your spell library contained the following spells:

 Spells                   Type           Power      Damage    Failure   Level
 Scorch                   Fire           64%        2d7       1%          2
 Inner Flame              Hex/Fire       18%        N/A       9%          3
 Volatile Blastmotes      Fire/Tloc      36%        2d13      9%          3
 Flame Wave               Conj/Fire      22%        2d8       19%         4


Dungeon Overview and Level Annotations

Branches:
Dungeon (1/1)

Altars:


Innate Abilities, Weirdness & Mutations

You cannot wear most types of armour.
You are amphibious.
You can wear up to eight rings at the same time.
Your skin changes colour to match your surroundings (Stealth+).
Your rubbery body absorbs attacks. (AC +1, EV +1)
((You are camouflaged when in or above water. (Stealth+)))
You have tentacles for arms and can constrict up to eight enemies at once.


Message History

You closely miss the vampire mosquito. Your grab misses the vampire mosquito.
The vampire mosquito is heavily damaged.
The vampire mosquito bites you!
The vampire mosquito draws strength from your injuries!
The vampire mosquito bites you but does no damage.
You miss the vampire mosquito. Your grab misses the vampire mosquito.
The vampire mosquito is heavily damaged.
The vampire mosquito bites you.
The vampire mosquito draws strength from your injuries!
You miss the vampire mosquito. Your grab misses the vampire mosquito.
The vampire mosquito is moderately damaged.
The vampire mosquito bites you!
The vampire mosquito draws strength from your injuries!
You closely miss the vampire mosquito. Your grab misses the vampire mosquito.
The vampire mosquito closely misses you.
The sky beast misses you. The vampire mosquito bites you!
* * * LOW HITPOINT WARNING * * *
The vampire mosquito draws strength from your injuries!
Unknown command.
You bludgeon the sky beast! Your squeeze misses the sky beast.
The sky beast is moderately wounded.
The vampire mosquito bites you.
* * * LOW HITPOINT WARNING * * *
The vampire mosquito draws strength from your injuries!
The sky beast closely misses you.
You miss the sky beast.
The sky beast is moderately wounded.
The vampire mosquito misses you.
You closely miss the sky beast. Your squeeze misses the sky beast.
The sky beast is moderately wounded.
The vampire mosquito bites you.
* * * LOW HITPOINT WARNING * * *
The vampire mosquito draws strength from your injuries!
The sky beast closely misses you.
The vampire mosquito closely misses you.
You feel a strong urge to attack something.
You are no longer berserk.
You are exhausted.
You feel yourself slow down. The vampire mosquito bites you!
You die...

##########++######
#.............@..#
#......#..#....yY#
#................†'..#
+................''..#
#......#..#......##.....
#................# .....
####'#####''###### ####
#.......##''#
#.......##..#


You could see a vampire mosquito and a sky beast.

Vanquished Creatures
  A vampire mosquito (D)
1 creature vanquished.

Vanquished Creatures (others)
  3 foxfires (D)
3 creatures vanquished.

Grand Total: 4 creatures vanquished

Notes
Turn   | Place    | Note
-------+----------+-------------------------------------------
     0 | D        | Conn the Octopode Fire Elementalist began the quest for the
                  | Orb.
     0 | D        | Reached XP level 1. HP: 11/11 MP: 3/3
    43 | D        | Noticed a vampire mosquito
    44 | D        | Noticed a vampire mosquito
    48 | D        | Noticed a sky beast
    50 | D        | Killed a vampire mosquito
    51 | D        | Reached skill level 7 in Fire Magic
    51 | D        | Reached XP level 2. HP: 17/17 MP: 1/7
    51 | D        | Reached XP level 3. HP: 21/21 MP: 1/8
    51 | D        | Reached XP level 4. HP: 27/27 MP: 1/10
    51 | D        | Reached XP level 5. HP: 31/31 MP: 1/11
    63 | D        | Slain by a vampire mosquito

Illustrated notes

Levels and vault maps discovered:
D:        pitsprint [storerooms_1, entrance_room_1, metal_vault_1, armoury_1,
          mini_pit_1, grid_room_1, main_hall_1, silver_pit, the_coven_2,
          the_vestibule_1, steel_vault_5, golden_pit, hallway_of_sentries,
          crystal_vault_1, iron_vault_2, final_vault]

Skill      XL: |  1 |
---------------+----+-----
Dodging        | 3 |  3.8
Stealth        | 4 |  4.8
Spellcasting   | 4 |  4.3
Fire Magic     | 7 |  7.5
Conjurations   | |  1.9

Action                     |  1- 3 |  4- 6 || total
---------------------------+-------+-------++-------
  Melee: Unarmed           |     3 |    11 ||    14
         Constrict         |     1 |       ||     1
         Tentacles         |     1 |       ||     1
         Punch             |       |     1 ||     1
   Cast: Foxfire           |     2 |       ||     2
    Use: Potion            |     2 |       ||     2
 Armour: Skin              |     1 |     1 ||     2
  Dodge: Dodged            |     4 |    10 ||    14

Table legend: (Time is in decaauts)
 A = Elapsed time spent in this place.
 B = Non-inter-level travel time spent in this place.
 C = Inter-level travel time spent in this place.
 D = Time resting spent in this place.
 E = Time spent auto-exploring this place.
 F = Levels seen in this place.
 G = Mean time per level.
                   A        B        C        D        E       F      G
               +--------+--------+--------+--------+--------+-----+--------+
         Total |     58 |     58 |      0 |      0 |      0 |   1 |   58.0 |
       Dungeon |     58 |     58 |      0 |      0 |      0 |   1 |   58.0 |
               +--------+--------+--------+--------+--------+-----+--------+

Top non-repeatable levels by time:
       D: 58 daAuts
